 Dungeon Crawl Stone Soup version 0.30.1-11-g7821555f0a (webtiles) character file.

Game seed: 10273205760148641310

263 KittyFluff the Cudgeller (level 6, -2/38 HPs)
             Began as a Gargoyle Berserker on Nov 7, 2023.
             Was a Priest of Trog.
             Killed by divine providence
             ... invoked by an orc priest
              (8 damage)
             ... on level 3 of the Dungeon.
             The game lasted 00:08:39 (2059 turns).

KittyFluff the Cudgeller (Gargoyle Berserker)       Turns: 2059, Time: 00:08:39

Health: -2/38      AC:  9    Str: 23    XL:     6   Next: 19%
Magic:  6/6        EV: 12    Int:  7    God:    Trog [***...]
Gold:   205        SH:  0    Dex:  9    Spells: 5/5 levels left

rFire   . . .        a - +0 mace
rCold   . . .        (no shield)
rNeg    + . .        c - +0 leather armour
rPois   ∞            (no helmet)
rElec   +            (no cloak)
rCorr   .            (no gloves)
SInv    +            k - +0 pair of boots
Will    .....        (no amulet)
Stlth   +            f - ring of see invisible
HPRegen 0.26/turn    (no ring)
MPRegen 0.10/turn

%: no passive effects
@: on berserk cooldown, slowed, very slow
A: sickness immunity, AC +4, negative energy resistance 1, electricity
resistance, torment resistance 1, petrification resistance
a: Renounce Religion, Berserk, Trog's Hand


You were on level 3 of the Dungeon.
You worshipped Trog.
Trog was most pleased with you.
You visited 1 branch of the dungeon, and saw 4 of its levels.

You collected 205 gold pieces.

Inventory:

Hand Weapons
 a - a +0 mace (weapon)
 r - a +0 sling
Missiles
 b - 6 poisoned darts (quivered)
Armour
 c - a +0 leather armour (worn)
 k - a +0 pair of boots (worn)
Jewellery
 f - a ring of see invisible (left hand)
Wands
 n - a wand of paralysis (8)
 q - a wand of polymorph (10)
Scrolls
 e - 2 scrolls of identify {unknown}
 h - a scroll of silence {unknown}
 m - a scroll of teleportation {unknown}
 o - a scroll of immolation {unknown}
Potions
 d - 2 potions of mutation {unknown}
 g - 2 potions of lignification {unknown}
 i - a potion of curing {unknown}
 j - 3 potions of attraction {unknown}
 l - 3 potions of brilliance {unknown}
 p - 2 potions of resistance {unknown}


   Skills:
 + Level 4.2 Fighting
 * Level 4.5 Maces & Flails
 * Level 4.3 Armour
 + Level 2.4 Dodging


You had 5 spell levels left.
You didn't know any spells.
Your spell library was empty.

Dungeon Overview and Level Annotations

Branches:
Dungeon (4/15)             Temple (0/1) D:4

Altars:


Innate Abilities, Weirdness & Mutations

You are immune to sickness and miasma.
Your stone body is resilient. (AC +4)
You are immune to poison.
You resist negative energy. (rN+)
You are resistant to electric shocks. (rElec)
You are resistant to unholy torment.
You are immune to petrification.


Message History

You sock the goblin!
You kill the goblin!
Trog accepts your kill.
The orc priest hits you from afar with a +0 trident.
* * * LOW HITPOINT WARNING * * *
You bludgeon the orc!!
You kill the orc!
Trog accepts your kill. The orc priest closely misses you.
You thump the ball python!
You kill the ball python!
Trog accepts your kill.
The orc priest hits you but does no damage.
Items here: ))) [ ††.
You barely miss the orc priest.
The orc priest hits you with a +0 trident.
* * * LOW HITPOINT WARNING * * *
You hit the orc priest.
The orc priest is moderately wounded.
The orc priest looks encouraged for a moment.
You barely miss the orc priest.
The orc priest is moderately wounded.
You are no longer berserk.
You are exhausted.
You feel yourself slow down.
The orc priest hits you but does no damage.
You hit the orc priest.
The orc priest is heavily wounded.
The orc priest calls down the wrath of Beogh upon you.
Pain shoots through your body!
* * * LOW HITPOINT WARNING * * *
The orc priest closely misses you.
You hit the orc priest but do no damage.
The orc priest is heavily wounded.
The orc priest closely misses you.
You hit the orc priest.
The orc priest is severely wounded.
The orc priest invokes the aid of Beogh against you.
Beogh smites you!
You die...

##### .##....##### ########
...........### #......#
...#..#......# #......# ###
............o######......###..
.#......#....@)†.......))†....
..........[..######......###..
............## #..<...# #..
.#......#..## #......###..
...........# ##.......#..
...#..#....# #.......###
...........# #.......#
.##.......## #.......###
##......# #.[........


You could see an orc priest.

Vanquished Creatures
  A scorpion (D:4)
  Jessica (D:3)
  An iguana (D:4)
  An orc wizard (D:3)
  5 adders
  3 dart slugs
  3 orcs (D:3)
  6 bats
  7 endoplasms
  7 giant cockroaches
  6 goblins
  5 hobgoblins
  4 quokkas
  6 ball pythons
  7 frilled lizards
  6 kobolds
  6 rats
75 creatures vanquished.

Notes
Turn   | Place    | Note
-------+----------+-------------------------------------------
     0 | D:1      | KittyFluff the Gargoyle Berserker began the quest for the
                  | Orb.
     0 | D:1      | Reached XP level 1. HP: 14/14 MP: 1/1
   224 | D:1      | Reached XP level 2. HP: 19/19 MP: 2/2
   429 | D:1      | Found a faded altar of an unknown god.
   434 | D:1      | Reached XP level 3. HP: 19/23 MP: 3/3
   490 | D:1      | Reached ** piety under Trog
   699 | D:2      | You fall into a shaft and drop 2 floors!
   707 | D:4      | Noticed a scorpion
   722 | D:4      | Killed a scorpion
   723 | D:4      | Reached XP level 4. HP: 24/29 MP: 4/4
   838 | D:4      | Reached XP level 5. HP: 31/33 MP: 5/5
   924 | D:4      | Found a staircase to the Ecumenical Temple.
  1681 | D:3      | Noticed Jessica
  1703 | D:3      | Killed Jessica
  1703 | D:3      | Reached *** piety under Trog
  2005 | D:3      | Reached XP level 6. HP: 38/38 MP: 6/6
  2059 | D:3      | Killed from afar by an orc priest

Illustrated notes

Levels and vault maps discovered:
D:1:      scummos_arrival_checkerplants, layout_basic,
          ebering_ecumenical_altar_sacrificial
D:2:      layout_loops_ring, nrook_mini_backslash
D:3:      layout_basic, st_stairs_14, minmay_misc_feat_plants, uniq_jessica
D:4:      layout_gridville, temple_pool_b, kennysheep_windowed_goal

Skill      XL: |  1  2  3  4  5 |
---------------+----------------+-----
Armour         | 3 4 |  4.3
Dodging        | 2 |  2.4
Maces & Flails | 4 |  4.5
Fighting       | 4 |  4.2

Action                     |  1- 3 |  4- 6 || total
---------------------------+-------+-------++-------
  Melee: Mace              |   101 |   178 ||   279
         Punch             |       |     1 ||     1
 Invoke: Berserk           |     1 |     1 ||     2
 Armour: Leather armour    |    41 |    82 ||   123
  Dodge: Dodged            |    64 |   147 ||   211
